 Dungeon Crawl Stone Soup version 0.30.0-10-gfe55d96785 (webtiles) character file.

Game seed: 566371811387189310

20076 Sobieck the Spry (level 12, 0/97 HPs)
             Began as a Spriggan Berserker on May 15, 2023.
             Was a High Priest of Trog.
             Slain by a komodo dragon (12 damage)
             ... on level 4 of the Lair of Beasts.
             The game lasted 00:39:15 (16464 turns).

Sobieck the Spry (Spriggan Berserker)              Turns: 16464, Time: 00:39:15

Health: 0/97       AC: 11    Str: 13    XL:     12   Next: 42%
Magic:  13/13      EV: 28    Int:  8    God:    Trog [*****.]
Gold:   790        SH:  0    Dex: 20    Spells: 11/11 levels left

rFire   x . .        a - +2 short sword (flame) {short}
rCold   + + .        (no shield)
rNeg    . . .        E - +0 ice dragon scales
rPois   .            (helmet restricted)
rElec   .            V - +0 cloak
rCorr   .            (gloves unavailable)
SInv    +            (boots unavailable)
Will    ++...        (no amulet) Stlth
                     m - +5 ring of evasion
HPRegen 0.36/turn    (no ring)
MPRegen 0.13/turn

%: no passive effects
@: berserking, very quick
A: very small, no large weapons, unfitting armour, see invisible, speed 3
a: Renounce Religion, Berserk, Trog's Hand, Brothers in Arms


You were on level 4 of the Lair of Beasts.
You worshipped Trog.
Trog was extremely pleased with you.
You visited 2 branches of the dungeon, and saw 14 of its levels.

You collected 976 gold pieces.
You spent 186 gold pieces at shops.


Innate Abilities, Weirdness & Mutations

You are very small and have problems with some larger weapons.
You are too small for most types of armour.
You have supernaturally acute eyesight. (SInv)
You cover ground extremely quickly. (Speed+++)


   Skills:
 + Level 8.9 Fighting
 - Level 10.0 Short Blades
 - Level 4.1 Throwing
 + Level 3.2 Armour
 + Level 16.0 Dodging
 + Level 12.1 Stealth
 - Level 5.0 Evocations


You had 11 spell levels left.
You didn't know any spells.
Your spell library contained the following spells:

 Spells                   Type           Power      Damage    Failure   Level
 Ensorcelled Hibernation  Hex/Ice        0%         N/A       99%         2
 Hailstorm                Conj/Ice       0%         3d3       100%        3
 Spider Form              Tmut/Pois      0%         N/A       100%        3
 Vhi's Electric Charge    Tloc/Air       0%         N/A       100%        3
 Anguish                  Hex/Necr       0%         N/A       100%        4
 Ice Form                 Ice/Tmut       0%         N/A       100%        4
 Arcjolt                  Conj/Air       0%         1d10      100%        5
 Iskenderun's Battlesphe  Conj           0%         2d6       100%        5
 Iron Shot                Conj/Erth      0%         9d1       100%        6
 Simulacrum               Ice/Necr       0%         N/A       100%        6
 Spellforged Servitor     Conj/Summ      0%         N/A       100%        7
 Maxwell's Capacitive Co  Air            0%         ∞         100%        8

Inventory:

Hand Weapons
 a - a +2 short sword of flaming (weapon) {short}
   (You took it off a kobold on level 1 of the Dungeon)
 b - a +0 sling
   (You found it on level 4 of the Dungeon)
 d - a +0 lajatang {staff}
   (You found it on level 9 of the Dungeon)
 t - the +4 dagger "Ruvuc" {protect, rN+, short}
   (You found it on level 3 of the Lair of Beasts)

   rN:        It protects you from negative energy.
 v - a +0 rapier {short}
   (You found it on level 8 of the Dungeon)
 w - a +3 short sword {short}
   (You took it off an orc on level 5 of the Dungeon)
 C - the +2 long sword of Decvaemo {freeze, Fragile rPois rF+++ Str-2, long}
   (You found it on level 4 of the Lair of Beasts)

   Str:       It affects your strength (-2).
   rF:        It renders you almost immune to fire.
   rPois:     It protects you from poison.
   Fragile:   It will be destroyed if unequipped.
Missiles
 c - 154 stones {throwing}
 i - 3 throwing nets {=f!fthrowing}
 j - 41 poisoned darts (quivered) {throwing}
 K - 5 curare-tipped darts {=fthrowing}
 P - a boomerang {throwing}
Armour
 e - +0 acid dragon scales
   (You took it off Maggie on level 9 of the Dungeon)
 E - +0 ice dragon scales (worn)
   (You found it on level 2 of the Lair of Beasts)
 M - a +0 robe
   (You took it off an orc wizard on level 6 of the Dungeon)
 V - a +0 cloak (worn)
   (You found it on level 9 of the Dungeon)
 X - a +0 robe
   (You took it off an orc wizard on level 8 of the Dungeon)
 Y - a +0 robe
   (You took it off an orc wizard on level 8 of the Dungeon)
Magical Staves
 U - a staff of earth {forbidden!astaff}
   (You took it off an orc wizard on level 8 of the Dungeon)
Jewellery
 m - a +5 ring of evasion (left hand)
   (You found it on level 2 of the Dungeon)
 A - a ring of magical power
   (You found it on level 9 of the Dungeon)
 S - a ring of wizardry
   (You found it on level 7 of the Dungeon)
Wands
 g - a wand of flame (30)
   (You found it on level 5 of the Dungeon)
 p - a wand of mindburst (9)
   (You found it on level 9 of the Dungeon)
 s - a wand of iceblast (3)
   (You found it on level 3 of the Dungeon)
 B - a wand of paralysis (12)
   (You found it on level 4 of the Dungeon)
 G - a wand of polymorph (2)
   (You found it on level 1 of the Lair of Beasts)
 J - a wand of acid (8)
   (You found it on level 6 of the Dungeon)
Scrolls
 f - 5 scrolls of noise {!r}
 l - 3 scrolls of amnesia
 x - 3 scrolls of immolation {!r!r}
 y - 2 scrolls of fog
 D - 4 scrolls of teleportation {@r4}
 H - a scroll of poison {!r}
 L - a scroll of vulnerability {!r!r}
 Q - a scroll of fear
 R - a scroll of enchant weapon
 Z - 3 scrolls of identify {@r1}
Potions
 h - 7 potions of curing {@q1}
 k - 3 potions of mutation {!q}
 n - 2 potions of invisibility
 o - 5 potions of flight
 q - a potion of attraction {!q}
 r - 3 potions of brilliance
 u - 2 potions of cancellation
 z - a potion of resistance
 F - a potion of berserk rage {!q}
 I - 4 potions of heal wounds {@q2}
 N - 2 potions of might
 O - 2 potions of lignification {!q}
 T - a potion of haste {@q3}
 W - a potion of ambrosia

Dungeon Overview and Level Annotations

Branches:
Dungeon (10/15) Zot: 26688  Temple (0/1) D:6            Lair (4/5) D:8 Zot: 20632
 Shoals (0/4) Lair:3       Spider (0/4) Lair:2        Slime (0/5) Lair:4
    Orc: D:9-12

Altars:
Dithmenos
Elyvilon
Makhleb
Qazlal
Ru
Uskayaw
Vehumet
Wu Jian
Yredelemnul

Shops:
D:5 *   D:9 :

Annotations:
D:7 3 runed translucent doors, Hervor's ghost, novice HuIE
Lair:3 exclusion: oklob plant

##......## #P..
#P.......# #####..
#P.......# #.###..
##......## ##......
#P......# #......P
#.......## ##......
##.......# ###....##
#......P# #......P#
#.....@### ####.....#
#....l.#
..###P##....##
###..................#
##.................##
##................P#
.................##
#...........#.##.###
#...........##.##...
#...:....... ####...


You could see a komodo dragon.


Message History

The icy flash freeze hits you! You partially resist.
You are encased in ice.
A red film seems to cover your vision as you go berserk!
You feel yourself moving faster!
You feel mighty! The rime drake completely misses you.
Unknown command.
You puncture the rime drake! You burn the rime drake. You miss the rime drake.
The rime drake misses you.
You puncture the rime drake! You burn the rime drake.
You kill the rime drake!
Trog accepts your kill. The ice encasing you melts away.
A nearby fungus withers and dies.
Unknown command.
You puncture the jelly! You burn the jelly.
Your hands burn!
You punch the jelly.
You feel the power of Trog in you as your rage grows.
You kill the jelly!
Trog accepts your kill.
You see here a rime drake corpse.
You feel a strong urge to attack something.
Unknown command.
You start resting.
You feel your anger nearly subside.
You are no longer berserk.
You are exhausted.
You feel yourself slow down.
You start resting.
You are no longer corroded.
Unknown command.
You start resting.
You feel yourself speed up.
Unknown command.
You start resting.
You recover from your berserk rage.
Unknown command.
You start resting.
Unknown command.
Unknown command.
Unknown command.
Your pack is full.
You see here a pink potion.
Unknown command.
You drop a +0 robe.
W - a pink potion You see here a +0 robe.
As you read the scroll of identify {@r1}, it crumbles to dust.
W - a potion of ambrosia Unknown command.
A komodo dragon comes into view.
The komodo dragon moves out of view.
Unknown command.
Danger!
The komodo dragon hisses angrily.
A cane toad comes into view.
You barely miss the komodo dragon.
The komodo dragon completely misses you.
You barely miss the komodo dragon. You hit the komodo dragon.
You burn the komodo dragon. The komodo dragon closely misses you.
You hit the komodo dragon but do no damage.
The cane toad completely misses you.
You puncture the komodo dragon! You burn the komodo dragon.
The komodo dragon bites you!
You are too injured to fight recklessly!
You are too injured to fight recklessly!
You are too injured to fight recklessly!
You are too injured to fight recklessly!
You are too injured to fight recklessly!
You are too injured to fight recklessly!
You completely miss the cane toad. You hit the cane toad.
You burn the cane toad.
The cane toad stings you but does no damage.
The komodo dragon closely misses you.
You hit the cane toad. You burn the cane toad.
The cane toad completely misses you.
You barely miss the cane toad. The komodo dragon closely misses you.
You barely miss the cane toad. Your punch misses the cane toad.
The cane toad stings you!
You barely miss the cane toad. The komodo dragon closely misses you.
You hit the cane toad but do no damage. The cane toad closely misses you.
A red film seems to cover your vision as you go berserk!
You feel yourself moving faster!
You feel mighty! The cane toad stings you!!
* * * LOW HITPOINT WARNING * * *
The komodo dragon completely misses you.
Unknown command.
You hit the cane toad. You burn the cane toad.
The cane toad completely misses you.
You barely miss the cane toad. The komodo dragon bites you!!
* * * LOW HITPOINT WARNING * * *
You hit the cane toad. You burn the cane toad.
The cane toad completely misses you.
You puncture the cane toad! You burn the cane toad.
The komodo dragon completely misses you.
You hit the cane toad. You burn the cane toad.
You kill the cane toad!
Trog accepts your kill.
Your Dodging skill increases to level 16!
You hit the komodo dragon. You burn the komodo dragon.
You closely miss the komodo dragon. The komodo dragon bites you!
You die...

Skill      XL: |  1  2  3  4  5  6  7  8  9 10 11 12 |
---------------+-------------------------------------+-----
Stealth        | 1 2 3 4 5 6 9 10 12 | 12.1
Short Blades   | 4 6 8 9 10 | 10.0
Fighting       | 3 4 5 8 |  8.9
Dodging        | 5 6 7 9 10 13 15 16 | 16.0
Throwing       | 2 4 |  4.1
Evocations     | 2 5 |  5.0
Armour         | 1 3 |  3.2

Action                     |  1- 3 |  4- 6 |  7- 9 | 10-12 || total
---------------------------+-------+-------+-------+-------++-------
  Melee: Short sword       |   141 |   215 |   577 |   922 ||  1855
         Punch             |     1 |     2 |    12 |    12 ||    27
   Fire: Sling             |       |    14 |    89 |       ||   103
  Throw: Stone             |    17 |       |     8 |       ||    25
         Dart              |       |       |    12 |    45 ||    57
         Boomerang         |       |       |       |     2 ||     2
 Invoke: Berserk           |     2 |     2 |     8 |    10 ||    22
         Trog's Hand       |       |       |       |     2 ||     2
         Brothers in Arms  |       |       |       |     1 ||     1
  Evoke: Wand              |       |       |       |     4 ||     4
    Use: Scroll            |       |     6 |    16 |     3 ||    25
         Potion            |       |     1 |     1 |       ||     2
   Stab: Sleeping          |     1 |     6 |     5 |    11 ||    23
         Distracted        |       |       |     4 |     1 ||     5
 Armour: Animal skin       |     9 |     2 |     9 |       ||    20
         Acid dragon scale |       |       |       |    23 ||    23
         Ice dragon scales |       |       |       |     3 ||     3
  Dodge: Dodged            |   119 |   146 |   418 |   562 ||  1245

Levels and vault maps discovered:
D:1:      minmay_arrival_shattered_statue, layout_basic
D:2:      layout_rooms, minmay_misc_feat_chi, minmay_domino_2
D:3:      layout_loops_ring, lemuel_round_altar,
          hellmonk_ecumenical_altar_lost_god, serial_bayou_pond_e,
          grunt_decor_junction, skrybe_limestone_x, kennysheep_generic_room_6
D:4:      minmay_recursive_quarters, layout_loops_ring,
          mainiacjoe_overflow_surrounded_room, marbit_many_paths, st_stairs_2,
          minmay_parallelograms, minmay_quantized, uniq_sigmund
D:5:      layout_loops_ring, lemuel_crystal_altar, vehumet_altar_wand_db,
          nicolae_specific_store, saegor_snake_ambush
D:6:      layout_basic, nicolae_wu_jian_wuxing_cycle,
          minmay_temple_entry_sparse_star, minivault_23,
          nicolae_underground_beach
D:7:      layout_basic, nicolae_dithmenos_through_a_glass_darkly,
          elyvilon_altar_1, eat_drink_and_be_merry_uskayaw,
          gammafunk_ghost_split
D:8:      layout_basic
D:9:      layout_long_grid, serial_shops, shop, grunt_ministairs_9,
          kennysheep_doodads, uniq_psyche, uniq_maggie
D:10:     minmay_the_grid_octo_tiled_octocenter [minmay_the_grid_octo_toaster,
          minmay_the_grid_octo_checkered, minmay_the_grid_octo_clover_2,
          minmay_the_grid_octo_fat_diamond,
          minmay_the_grid_octo_prize_ultimate_mussel_roller,
          minmay_the_grid_square_5x5_intrusive_squares,
          minmay_the_grid_square_5x5_bridge, minmay_the_grid_square_5x5_forky,
          minmay_the_grid_square_5x5_hollow_slash], layout_stronghold,
          david_orc_2, enter_bailey_3, uniq_snorg
Lair:1:   layout_regular_city
Lair:2:   dragon1_lemuel, layout_loops_ring, spider_nest_entry_webs, basic_altar
Lair:3:   beargit_carnivore_pack, layout_cave_pods, shoals_dummy_entry,
          minmay_lair_oklob_bushes, lemuel_fruit_fields, uniq_nergalle
Lair:4:   layout_cellular_growth, nicolae_slime_entry_field_trip,
          grunt_megastairs_3, lemuel_fruit_fields, infiniplex_staircase_pool_2

Notes
Turn   | Place    | Note
-------+----------+-------------------------------------------
     0 | D:1      | Sobieck the Spriggan Berserker began the quest for the Orb.
     0 | D:1      | Reached XP level 1. HP: 11/11 MP: 2/2
   231 | D:1      | Reached skill level 1 in Stealth
   231 | D:1      | Reached XP level 2. HP: 16/16 MP: 3/3
   601 | D:1      | Reached ** piety under Trog
   810 | D:2      | Reached XP level 3. HP: 19/19 MP: 4/4
   902 | D:2      | Reached skill level 4 in Short Blades
   906 | D:2      | Reached skill level 2 in Stealth
   963 | D:2      | HP: 6/28 [gnoll/+0 spear (7)]
   964 | D:2      | Reached XP level 4. HP: 8/23 MP: 5/5
   965 | D:2      | HP: 2/34 [gnoll/+0 spear (6)]
  1363 | D:2      | Reached skill level 3 in Fighting
  1363 | D:2      | Reached skill level 5 in Dodging
  1363 | D:2      | Reached skill level 3 in Stealth
  1366 | D:2      | Reached XP level 5. HP: 22/28 MP: 6/6
  1373 | D:2      | HP: 4/28 [gnoll/+0 spear (5)]
  1493 | D:2      | Reached skill level 5 in Short Blades
  1874 | D:3      | Found a faded altar of an unknown god.
  1915 | D:3      | Found a basalt altar of Yredelemnul.
  2428 | D:3      | Reached skill level 4 in Stealth
  2577 | D:4      | Noticed Sigmund
  2678 | D:3      | Killed Sigmund
  2679 | D:3      | Reached skill level 6 in Short Blades
  2679 | D:3      | Reached XP level 6. HP: 23/32 MP: 7/7
  2924 | D:3      | HP: 1/32 [sleepcap (11)]
  2957 | D:3      | Reached *** piety under Trog
  2958 | D:3      | Reached skill level 6 in Dodging
  2958 | D:3      | Reached skill level 5 in Stealth
  3641 | D:4      | Reached XP level 7. HP: 30/36 MP: 8/8
  3986 | D:4      | Found a stormy altar of Qazlal.
  4054 | D:4      | Reached skill level 7 in Short Blades
  4516 | D:4      | Found a burning altar of Makhleb.
  4625 | D:5      | Entered Level 5 of the Dungeon
  4832 | D:5      | Reached skill level 7 in Dodging
  4889 | D:5      | Found a radiant altar of Vehumet.
  5025 | D:5      | Reached skill level 8 in Short Blades
  5066 | D:5      | Reached XP level 8. HP: 37/40 MP: 9/9
  5084 | D:5      | Reached skill level 8 in Dodging
  5216 | D:5      | You pick up a book of Dreams {forbidden} and begin
                  | reading...
  5216 | D:5      | You add the spells Ensorcelled Hibernation, Spider Form and
                  | Anguish to your library.
  5250 | D:5      | Found Taiczel's Specific Store.
  5251 | D:5      | Found Umastyihi's General Store.
  5263 | D:5      | Bought a potion of berserk rage for 60 gold pieces
  5267 | D:5      | Bought a scroll of blinking for 90 gold pieces
  5267 | D:5      | Bought a potion of curing for 36 gold pieces
  5355 | D:5      | Found a sacrificial altar of Ru.
  5926 | D:6      | Found a staircase to the Ecumenical Temple.
  6003 | D:6      | Reached **** piety under Trog
  6008 | D:6      | Reached skill level 9 in Dodging
  6139 | D:6      | Reached skill level 1 in Throwing
  6195 | D:6      | Found an ornate altar of the Wu Jian Council.
  6562 | D:6      | Reached skill level 6 in Stealth
  6728 | D:6      | Reached skill level 2 in Throwing
  6850 | D:6      | HP: 15/60 [steam dragon (4)]
  6854 | D:6      | HP: 6/60 [something (4)]
  7459 | D:6      | Reached XP level 9. HP: 45/45 MP: 10/10
  7546 | D:7      | Reached skill level 7 in Stealth
  7828 | D:7      | You pick up a book of the Tundra {forbidden} and begin
                  | reading...
  7828 | D:7      | You add the spells Hailstorm, Ice Form and Simulacrum to
                  | your library.
  7905 | D:6      | Reached skill level 4 in Fighting
  7917 | D:6      | Reached skill level 3 in Throwing
  8145 | D:7      | Found a hide-covered altar of Uskayaw.
  8170 | D:7      | You add the spells Vhi's Electric Charge, Arcjolt and
                  | Maxwell's Capacitive Coupling to your library.
  8239 | D:7      | Found a runed translucent gate.
  8239 | D:7      | Found a runed translucent gate.
  8240 | D:7      | Found a runed translucent gate.
  8246 | D:7      | Noticed Hervor's ghost (novice HuIE)
  8248 | D:7      | Noticed a centaur warrior
  8257 | D:7      | Reached skill level 10 in Dodging
  8299 | D:7      | Found a white marble altar of Elyvilon.
  8395 | D:7      | Found a shadowy altar of Dithmenos.
  8496 | D:8      | Reached skill level 9 in Short Blades
  8505 | D:8      | Reached skill level 8 in Stealth
  8820 | D:8      | Reached skill level 4 in Throwing
  9033 | D:8      | Reached skill level 1 in Evocations
  9322 | D:8      | Reached skill level 9 in Stealth
  9574 | D:8      | Reached skill level 2 in Evocations
  9574 | D:8      | Reached XP level 10. HP: 51/51 MP: 11/11
  9809 | D:8      | Reached skill level 5 in Fighting
  9840 | D:8      | Found a staircase to the Lair.
 10055 | D:9      | Noticed Maggie
 10069 | D:9      | Killed Maggie
 10070 | D:9      | Reached skill level 11 in Dodging
 10070 | D:9      | Found Vybik's Book Shoppe.
 10215 | D:9      | Reached skill level 3 in Evocations
 10235 | D:9      | Noticed a two-headed ogre
 10292 | D:9      | Killed a two-headed ogre
 10293 | D:9      | Reached skill level 10 in Short Blades
 10293 | D:9      | Reached skill level 10 in Stealth
 10293 | D:9      | Reached skill level 4 in Evocations
 10525 | D:9      | Reached skill level 5 in Evocations
 10620 | D:9      | Reached skill level 12 in Dodging
 10662 | D:9      | Noticed Psyche
 10666 | D:9      | Killed Psyche
 11009 | D:9      | Reached skill level 13 in Dodging
 11191 | D:10     | Entered Level 10 of the Dungeon
 11309 | D:10     | Noticed a gargoyle
 11412 | Lair:1   | Entered Level 1 of the Lair of Beasts
 11501 | Lair:1   | Noticed a black mamba
 11528 | Lair:1   | Reached XP level 11. HP: 49/56 MP: 12/12
 11602 | Lair:1   | Reached ***** piety under Trog
 11687 | Lair:1   | Reached skill level 6 in Fighting
 11698 | Lair:1   | Reached skill level 14 in Dodging
 11757 | Lair:1   | Noticed a catoblepas
 11802 | Lair:1   | HP: 4/56 [catoblepas (11)]
 12210 | Lair:1   | Killed a catoblepas
 12356 | Lair:1   | Reached skill level 7 in Fighting
 12406 | Lair:1   | Reached skill level 15 in Dodging
 12827 | Lair:1   | Reached skill level 8 in Fighting
 13267 | Lair:2   | Reached skill level 1 in Armour
 13891 | Lair:2   | Found a hole to the Spider Nest.
 13997 | Lair:2   | Found an ornate altar of the Wu Jian Council.
 14119 | Lair:2   | Reached XP level 12. HP: 65/65 MP: 13/13
 14128 | Lair:2   | Reached skill level 2 in Armour
 14143 | Lair:2   | Reached skill level 11 in Stealth
 14442 | Lair:2   | Noticed an ice dragon
 14463 | Lair:2   | Killed an ice dragon
 14913 | Lair:3   | Noticed Nergalle
 14934 | Lair:3   | Killed Nergalle
 15516 | Lair:3   | Noticed a seven-headed hydra
 15525 | Lair:3   | Killed a seven-headed hydra
 15526 | Lair:3   | Reached skill level 3 in Armour
 15526 | Lair:3   | Reached skill level 12 in Stealth
 15588 | Lair:3   | Found a staircase to the Shoals.
 15642 | Lair:3   | Identified the staff of earth "Bynuaq" {*Slow Str+7 Int+4}
 15660 | Lair:3   | Identified the +4 dagger "Ruvuc" {protect, rN+}
 16102 | Lair:4   | Identified the +2 long sword of Decvaemo {freeze, Fragile
                  | rPois rF+++ Str-2}
 16154 | Lair:4   | You pick up a book of Power {forbidden} and begin
                  | reading...
 16154 | Lair:4   | You add the spells Iskenderun's Battlesphere, Iron Shot and
                  | Spellforged Servitor to your library.
 16277 | Lair:4   | Found a staircase to the Slime Pits.
 16459 | Lair:4   | HP: 12/97 [komodo dragon (27)]
 16463 | Lair:4   | Reached skill level 16 in Dodging
 16464 | Lair:4   | Slain by a komodo dragon

Vanquished Creatures
  A hydra (Lair:3)
  A catoblepas (Lair:1)
  A two-headed ogre (D:9)
  Nergalle (Lair:3)
  A skyshark (Lair:2)
  2 black mambas
  Maggie (D:9)
  Psyche (D:9)
  4 cane toads
  A rime drake (Lair:4)
  An unseen horror (D:9)
  6 komodo dragons
  13 blink frogs
  Sigmund (D:3)
  A basilisk (Lair:2)
  A wraith (D:9)
  25 yaks
  2 wyverns
  A redback (Lair:2)
  A steam dragon (D:6)
  6 water moccasins
  3 orc warriors
  A sky beast (D:6)
  An ice beast (D:6)
  A black bear (D:8)
  An ogre (D:6)
  8 wolves
  4 centaurs
  A phantom (D:4)
  3 kobold brigands
  A gnoll sergeant (D:9)
  10 bullfrogs
  3 scorpions
  5 killer bees
  2 howler monkeys
  5 orc priests
  6 jellies
  2 gnoll boudas
  2 sleepcaps
  5 iguanas
  15 orc wizards
  6 hell rats (Lair:1)
  24 gnolls
  10 adders
  2 shadow imps
  A white imp (D:6)
  A worm (D:3)
  3 dart slugs
  45 orcs
  8 endoplasms
  A giant cockroach (D:1)
  8 hobgoblins
  2 quokkas
  11 ball pythons
  8 bats
  3 frilled lizards
  4 goblins
  23 kobolds
  6 rats
317 creatures vanquished.

Vanquished Creatures (collateral kills)
  An ice dragon (Lair:2)
1 creature vanquished.

Grand Total: 318 creatures vanquished

Table legend:
 A = Non-vault XP
 B = Vault XP
 C = Vault XP percentage of total XP
 D = Non-vault monster count
 E = Vault monster count
 F = Vault count percentage of total count
                 A         B        C        D         E       F
            +---------+---------+-------+---------+---------+-------
      Total |   23189 |    5492 |  19.1 |     274 |      44 |  13.8
            +---------+---------+-------+---------+---------+-------
        D:1 |      49 |       0 |   0.0 |      23 |       0 |   0.0
        D:2 |     241 |      15 |   5.9 |      26 |       2 |   7.1
        D:3 |      92 |     223 |  70.8 |      14 |       1 |   6.7
        D:4 |     244 |     170 |  41.1 |      18 |      13 |  41.9
        D:5 |     565 |       6 |   1.1 |      22 |       4 |  15.4
        D:6 |    1578 |       0 |   0.0 |      35 |       0 |   0.0
        D:7 |     395 |       0 |   0.0 |      21 |       0 |   0.0
        D:8 |    2255 |       0 |   0.0 |      33 |       0 |   0.0
        D:9 |    2284 |    2031 |  47.1 |      17 |      12 |  41.4
       D:10 |       0 |     286 | 100.0 |       0 |       3 | 100.0
     Lair:1 |    8089 |       0 |   0.0 |      37 |       0 |   0.0
     Lair:2 |    4486 |    1044 |  18.9 |      21 |       2 |   8.7
     Lair:3 |    2158 |    1497 |  41.0 |       5 |       3 |  37.5
     Lair:4 |     753 |     220 |  22.6 |       2 |       4 |  66.7
            +---------+---------+-------+---------+---------+-------

Skill      XL: |  1  2  3  4  5  6  7  8  9 10 11 12 |
---------------+-------------------------------------+-----
Stealth        | 1 2 3 4 5 6 9 10 12 | 12.1
Short Blades   | 4 6 8 9 10 | 10.0
Fighting       | 3 4 5 8 |  8.9
Dodging        | 5 6 7 9 10 13 15 16 | 16.0
Throwing       | 2 4 |  4.1
Evocations     | 2 5 |  5.0
Armour         | 1 3 |  3.2

Action                     |  1- 3 |  4- 6 |  7- 9 | 10-12 || total
---------------------------+-------+-------+-------+-------++-------
  Melee: Short sword       |   141 |   215 |   577 |   922 ||  1855
         Punch             |     1 |     2 |    12 |    12 ||    27
   Fire: Sling             |       |    14 |    89 |       ||   103
  Throw: Stone             |    17 |       |     8 |       ||    25
         Dart              |       |       |    12 |    45 ||    57
         Boomerang         |       |       |       |     2 ||     2
 Invoke: Berserk           |     2 |     2 |     8 |    10 ||    22
         Trog's Hand       |       |       |       |     2 ||     2
         Brothers in Arms  |       |       |       |     1 ||     1
  Evoke: Wand              |       |       |       |     4 ||     4
    Use: Scroll            |       |     6 |    16 |     3 ||    25
         Potion            |       |     1 |     1 |       ||     2
   Stab: Sleeping          |     1 |     6 |     5 |    11 ||    23
         Distracted        |       |       |     4 |     1 ||     5
 Armour: Animal skin       |     9 |     2 |     9 |       ||    20
         Acid dragon scale |       |       |       |    23 ||    23
         Ice dragon scales |       |       |       |     3 ||     3
  Dodge: Dodged            |   119 |   146 |   418 |   562 ||  1245

Illustrated notes

Table legend:
 A = Kills in this place as a percentage of kills in the entire game.
 B = Kills by you in this place as a percentage of kills by you in the entire game.
 C = Kills by friends in this place as a percentage of kills by friends in the entire game.
 D = Other kills in this place as a percentage of other kills in the entire game.
 E = Experience gained in this place as a percentage of experience gained in the entire game.
 F = Experience gained in this place divided by the number of levels of this place that you have seen.
                   A       B       C       D       E      F
               +-------+-------+-------+-------+-------+----------------------
         Total | 100.0 | 100.0 | 100.0 |   N/A | 100.0 | 2048.6
       Dungeon |  76.7 |  77.0 |   0.0 |   N/A |  36.4 | 1043.4
          Lair |  23.3 |  23.0 | 100.0 |   N/A |  63.6 | 4561.8
               +-------+-------+-------+-------+-------+----------------------

Table legend: (Time is in decaauts)
 A = Elapsed time spent in this place.
 B = Non-inter-level travel time spent in this place.
 C = Inter-level travel time spent in this place.
 D = Time resting spent in this place.
 E = Time spent auto-exploring this place.
 F = Levels seen in this place.
 G = Mean time per level.
                   A        B        C        D        E       F      G
               +--------+--------+--------+--------+--------+-----+--------+
         Total |  11979 |  11725 |    254 |   2983 |   5665 |  14 |  855.6 |
       Dungeon |   8612 |   8409 |    203 |   2360 |   3839 |  10 |  861.2 |
          Lair |   3367 |   3316 |     51 |    622 |   1825 |   4 |  841.8 |
               +--------+--------+--------+--------+--------+-----+--------+

Top non-repeatable levels by time:
     D:6: 1472 daAuts
     D:8: 1284 daAuts
     D:4: 1272 daAuts
  Lair:1: 1107 daAuts
  Lair:2: 1056 daAuts
  Lair:3: 916 daAuts
     D:9: 866 daAuts
     D:5: 852 daAuts
     D:3: 818 daAuts
     D:2: 756 daAuts
     D:1: 719 daAuts
     D:7: 477 daAuts
  Lair:4: 286 daAuts
    D:10: 92 daAuts
